AoeStats
← Bor-Komorov

MegaRandom

510834134Analyzed
4v4 RM · 22h ago on Oct 2, 2026· 68m 53s· 8 players
Game mode
Random Map
Map size
Large (8 player)
Population
200
Speed
Normal
Resources
Standard
Victory
Conquest
Starting age
Dark Age
Ending age
Imperial Age
RankedLock teamsTeams togetherTeam positionsShared explorationLock speedFull tech treeHidden civsTurbo modeCheats
Victory
Defeat
🇨🇴 Ethiopians · Colombia
1275
+12
🇨🇴 Britons · Colombia
1212
+14
🇨🇴 Khitans · Colombia
1203
+15
🇨🇴 Khmer · Colombia
1202
+15
🇮🇳 Saracens · India
1218
-16
🇮🇳 Lithuanians · India
1205
-15
🇨🇦 Saxons · Canada
1181
-14
🇯🇵 Wei · Japan
1114
-11
LIGHTYRIX
11:26 Feudal Age
15:59 Double-Bit Axe
19:24 Castle Age
18:05 Forging
18:40 Scale Barding Armor
20:16 Bow Saw
20:44 Iron Casting
20:21 Bloodlines
22:36 Chain Barding Armor
27:07 Horse Collar
27:19 Gold Mining
27:19 Stone Mining
28:19 Wheelbarrow
28:16 Husbandry
37:30 Imperial Age
34:47 Loom
35:53 Heavy Plow
38:01 Cavalier
39:18 Plate Barding Armor
40:47 Paladin
43:08 Light Cavalry
44:29 Winged Hussar
57:09 Conscription
64:31 Caravan
66:53 Hand Cart
DrGameHer
3:06 Loom
14:29 Feudal Age
15:21 Double-Bit Axe
15:41 Fishing Lines
29:21 Castle Age
29:35 Horse Collar
30:36 Crossbowman
34:39 Bow Saw
34:42 Heavy Plow
52:46 Fortified Wall
60:58 Imperial Age
60:18 Caravan
61:51 Wheelbarrow
61:02 Town Watch
62:59 Conscription
65:53 Conscription
66:27 Scale Barding Armor
68:13 Chain Barding Armor
GR4Y_BE4RD
7:20 Loom
9:58 Feudal Age
10:30 Town Watch
11:00 Double-Bit Axe
10:59 Horse Collar
17:14 Wheelbarrow
20:32 Castle Age
18:37 Stone Mining
19:48 Fletching
19:59 Scale Mail Armor
21:24 Forging
22:56 Bow Saw
22:52 Man-at-Arms
25:25 Chain Mail Armor
25:00 Gambesons
25:58 Long Swordsman
26:38 Squires
27:16 Arson
31:33 Hand Cart
36:00 Imperial Age
34:24 Pikeman
35:42 Iron Casting
37:15 Plate Mail Armor
38:06 Two-Handed Swordsman
43:26 Champion
46:32 Guard Tower
49:14 Bodkin Arrow
52:20 Halberdier
Fujiwara
7:17 Loom
13:07 Feudal Age
18:50 Castle Age
17:11 Double-Bit Axe
17:07 Horse Collar
19:06 Fletching
30:33 Wheelbarrow
30:39 Ballistics
32:27 Padded Archer Armor
37:08 Bow Saw
39:10 Thumb Ring
40:23 Heavy Plow
40:13 Gold Mining
40:14 Stone Mining
40:50 Bodkin Arrow
41:10 Leather Archer Armor
42:08 Hand Cart
42:07 Tuntian
43:01 Bloodlines
42:51 Husbandry
46:58 Imperial Age
43:57 Light Cavalry
47:45 Forging
47:41 Scale Barding Armor
47:33 Murder Holes
48:40 Chemistry
47:37 Murder Holes
48:18 Ming Guang Armor
48:14 Conscription
48:33 Hoardings
49:04 Crop Rotation
49:07 Hussar
50:03 Masonry
50:55 Parthian Tactics
50:58 Town Watch
51:33 Bracer
52:05 Ring Archer Armor
52:12 Iron Casting
53:00 Iron Casting
52:46 Chain Barding Armor
52:09 Treadmill Crane
57:41 Blast Furnace
Deanu Reeves
13:06 Feudal Age
16:53 Castle Age
14:53 Double-Bit Axe
18:18 Loom
20:11 Bow Saw
22:11 Wheelbarrow
21:24 Town Watch
23:53 Horse Collar
25:34 Forging
28:09 Iron Casting
28:30 Gold Mining
29:53 Bloodlines
29:51 Scale Barding Armor
31:01 Chain Barding Armor
30:47 Husbandry
33:05 Hand Cart
32:51 Town Patrol
35:00 Fletching
35:48 Bodkin Arrow
36:26 Ballistics
36:03 Murder Holes
39:05 Imperial Age
40:23 Conscription
41:17 Double Crossbow
43:06 Blast Furnace
42:42 Plate Barding Armor
42:34 Double Crossbow
42:08 Light Cavalry
43:45 Gold Shaft Mining
43:49 Conscription
44:34 Chemistry
43:50 Elite Ballista Elephant
45:19 Hussar
63:27 Coinage
Bor-Komorov
10:37 Loom
12:49 Feudal Age
15:56 Forging
16:41 Domestication
21:42 Castle Age
21:42 Double-Bit Axe
21:54 Light Cavalry
23:07 Husbandry
26:09 Scale Barding Armor
29:29 Chain Barding Armor
37:05 Wheelbarrow
41:42 Imperial Age
43:25 Heavy Camel Rider
51:07 Plate Barding Armor
53:44 Hussar
66:25 Iron Casting
Höor
5:31 Loom
12:42 Feudal Age
13:27 Double-Bit Axe
14:15 Fletching
15:35 Padded Archer Armor
16:37 Town Watch
23:18 Castle Age
22:35 Gold Mining
23:00 Horse Collar
23:33 Crossbowman
24:10 Bodkin Arrow
24:31 Leather Archer Armor
25:01 Bow Saw
26:16 Wheelbarrow
28:32 Thumb Ring
34:40 Gold Shaft Mining
40:27 Imperial Age
40:29 Hand Cart
41:21 Bracer
41:22 Arbalester
43:11 Ring Archer Armor
43:03 Caravan
43:58 Ballistics
44:38 Chemistry
45:11 Town Patrol
56:56 Conscription
Volk
7:30 Loom
10:16 Feudal Age
10:46 Double-Bit Axe
13:58 Fletching
15:17 Padded Archer Armor
18:07 Horse Collar
22:50 Castle Age
22:01 Gold Mining
23:04 Crossbowman
23:43 Bodkin Arrow
24:01 Bow Saw
28:55 Gold Shaft Mining
28:59 Heavy Plow
30:13 Wheelbarrow
38:48 Imperial Age
37:08 Hand Cart
37:58 Ballistics
37:34 Murder Holes
39:09 Arbalester
41:01 Chemistry
42:15 Stone Mining
42:45 Bracer
43:00 Leather Archer Armor
43:21 Conscription
43:37 Hoardings
44:12 Leather Archer Armor
45:20 Two-Man Saw
44:48 Masonry
44:18 Treadmill Crane
47:09 Ring Archer Armor
46:58 Pikeman
47:38 Squires
48:41 Architecture
49:03 Elite Skirmisher
52:51 Halberdier
54:11 Scale Mail Armor
54:22 Forging
60:09 Yeomen
61:18 Town Watch
61:32 Elite Longbowman
63:41 Siege Engineers
Connection lost

Rejoining the realm…

Still unreachable

The connection could not be restored.

Session expired

The server has moved on; the page needs a fresh start.